 Dungeon Crawl Stone Soup version 0.22.1-2-g9c5b331383 (webtiles) character file.

25 Jynx the Sneak (level 2, 0/13 HPs)
             Began as a Spriggan Enchanter on Dec 22, 2018.
             Slain by a jackal (1 damage)
             ... on level 1 of the Dungeon.
             The game lasted 00:02:04 (1380 turns).

Jynx the Sneak (Spriggan Enchanter)                 Turns: 1380, Time: 00:02:05

Health: 0/13       AC:  2    Str:  4    XL:     2   Next: 86%
Magic:  3/7        EV: 18    Int: 16    God:
Gold:   28         SH:  0    Dex: 16    Spells: 6/7 levels left

rFire    . . .     SeeInvis +   a - +1 dagger
rCold    . . .     Gourm    .   (shield restricted)
rNeg     . . .     Faith    .   b - +0 robe
rPois    .         Spirit   .   (helmet restricted)
rElec    .         Reflect  .   (no cloak)
rCorr    .         Harm     .   (gloves unavailable)
MR       .....                  (boots unavailable)
Stlth    +++.......             (no amulet)
HPRegen  0.04/turn              (no ring)
MPRegen  0.10/turn              (no ring)

@: very quick
A: very small, unfitting armour, see invisible, herbivore, speed 3, slow
metabolism 2
a: no special abilities


You were on level 1 of the Dungeon.
You were not hungry.

You visited 1 branch of the dungeon, and saw 1 of its levels.

You collected 28 gold pieces.

Inventory:

Hand Weapons
 a - a +1 dagger (weapon)
Armour
 b - a +0 robe (worn)
Scrolls
 c - a scroll of identify {unknown}
 g - a scroll of amnesia {unknown}
 i - 2 scrolls of remove curse {unknown}
 j - 3 scrolls of blinking {unknown}
Potions
 e - a potion of might {unknown}
 f - 2 potions of mutation {unknown}
 h - a potion of flight {unknown}
 k - a potion of lignification {unknown}
Comestibles
 d - 2 rations


   Skills:
 + Level 1.7 Short Blades
 + Level 3.3 Dodging
 + Level 4.7 Stealth
 + Level 3.0 Spellcasting
 * Level 4.1 Hexes


You had 6 spell levels left.
You knew the following spells:

 Your Spells              Type           Power        Failure   Level  Hunger
a - Corona                Hex            ###....      3%          1    #......

Your spell library contained the following spells:

 Spells                   Type           Power        Failure   Level  Hunger
 Confuse                  Hex            ###.....     10%         3    ###....
 Tukima's Dance           Hex            ###.....     10%         3    ###....
 Ensorcelled Hibernation  Hex/Ice        #.....       12%         2    ##.....
 Dazzling Spray           Conj/Hex       #.....       24%         3    ###....


Dungeon Overview and Level Annotations

Branches:
Dungeon (1/15)

Altars:


Innate Abilities, Weirdness & Mutations

You are very small and have problems with some larger weapons.
You are too small for most types of armour.
You have supernaturally acute eyesight. (SInv)
You are a herbivore.
You cover ground extremely quickly.
You need to consume almost no food.


Message History

Aim: a jackal (chance to defeat MR: 69%)
The jackal is outlined in light.
The jackal misses you. The jackal barely misses you.
You hit the jackal.
The jackal is lightly wounded.
The jackal bites you.
* * * LOW HITPOINT WARNING * * *
Your magical contamination has completely faded away.
You hit the jackal.
The jackal is heavily wounded.
The jackal completely misses you.
You hit the jackal but do no damage.
The jackal is heavily wounded.
The jackal bites you but does no damage.
The jackal bites you.
* * * LOW HITPOINT WARNING * * *
You closely miss the jackal.
The jackal is heavily wounded.
The jackal bites you.
You die...

!. #......# . .♣
#......# .P .♣
###.#### #P. P♣♣ #.#
# #..♣.. #.# #
###....############.#
#
....................#
♣♣h♣ ########..####
♣P@♣ #..........##.
♣.P♣ #.#####..#.#..
♣.P♣ #.# #..#.#.+
♣..♣♣#.# #..#.#.+
♣...♣#.#####..#.#.'
♣♣P.♣#.##.....#.#.+
♣..♣..##.....#...+
♣.♣♣.....).......'
#...##############


You could see a jackal.

Vanquished Creatures
  A giant cockroach (D:1)
  3 goblins (D:1)
  4 hobgoblins (D:1)
  3 jackals (D:1)
  A bat (D:1)
  3 frilled lizards (D:1)
  7 kobolds (D:1)
  2 rats (D:1)
24 creatures vanquished.

Notes
Turn   | Place    | Note
-------+----------+-------------------------------------------
     0 | D:1      | Jynx the Spriggan Enchanter began the quest for the Orb.
     0 | D:1      | Reached XP level 1. HP: 9/9 MP: 5/5
   437 | D:1      | Reached XP level 2. HP: 9/13 MP: 6/6
  1380 | D:1      | Slain by a jackal

Skill      XL: |  1  2 |
---------------+-------+-----
Hexes          | 4 |  4.1
Spellcasting   | 3 |  3.0
Short Blades   | |  1.7
Dodging        | |  3.3
Stealth        | |  4.7

Action                   || total
-------------------------++-------
Melee: Dagger            ||   154
 Cast: Corona            ||    12
 Stab: Sleeping          ||     5
Armor: Robe              ||    22
Dodge: Dodged            ||   126
